Map: Ever Dream LE

Players

soO - Winner!

  • Race: Zerg Zerg
  • Spawn Location: 1:00

INnoVation

  • Race: Terran Terran
  • League: Master
  • Spawn Location: 7:00

Event: Shopify TSL 5

VOD

https://www.twitch.tv/videos/643880958

Description

Time

  • Played on: June 7, 2020, 10:23 a.m.
  • Length: 16:15

All games in this series

Show
View Real Time Build Order
Export as new Build Order

soO Zerg - Winner!

Build Orders: Hatch First, Muta Ling Bane 

Get SALT Encoding   

  12  0:00  Drone  
  13  0:12  Overlord  
  13  0:16  Drone  
  14  0:30  Drone x2  
  16  0:47  Hatchery  
  15  0:51  Drone  
  15  0:54  Drone  
  17  0:57  Drone  
  18  1:08  Extractor  
  17  1:12  Spawning Pool  
  17  1:15  Drone  
  17  1:18  Drone  
  18  1:28  Drone  
  19  1:38  Drone  
  20  1:49  Overlord  
  20  1:59  Queen x2  
  20  2:00  Zergling x4  
  26  2:10  Drone x2  
  26  2:12  Metabolic Boost  
  28  2:20  Drone  
  28  2:21  Drone  
  30  2:34  Queen  
  30  2:35  Overlord  
  32  2:37  Queen  
  32  2:41  Drone  
  32  2:42  Drone  
  36  2:53  Drone  
  36  2:54  Drone x2  
  39  3:03  Overlord  
  39  3:04  Drone  
  40  3:07  Drone  
  40  3:08  Drone x2  
  40  3:09  Drone  
  44  3:14  Lair  
  44  3:17  Extractor  
  44  3:18  Drone  
  44  3:22  Drone x3  
  47  3:35  Drone  
  47  3:36  Drone  
  47  3:38  Hatchery  
  48  3:42  Queen  
  48  3:43  Overlord  
  48  3:45  Drone  
  48  3:48  Drone  
  52  3:51  Overlord  
  52  3:59  Overlord  
  52  4:03  Baneling Nest, Drone x3  
  52  4:05  Zergling x2  
  52  4:07  Zergling x2  
  52  4:09  Drone  
  57  4:14  Spire  
  56  4:17  Drone x2  
  56  4:21  Extractor  
  56  4:23  Queen, Extractor  
  58  4:26  Overseer  
  58  4:29  Drone x2  
  58  4:31  Drone  
  61  4:33  Overlord  
  61  4:39  Overlord  
  61  4:41  Drone  
  61  4:42  Drone x2  
  64  4:49  Drone x3  
  64  4:51  Drone x2  
  64  4:52  Drone  
  70  4:53  Drone  
  70  4:58  Overlord  
  71  5:05  Drone  
  72  5:09  Overlord  
  73  5:21  Drone  
  73  5:24  Extractor  
  73  5:26  Mutalisk x5, Drone x2  
  73  5:27  Overlord  
  73  5:28  Overlord  
  84  5:30  Drone x2  
  84  5:31  Drone x3  
  84  5:32  Drone x2  
  84  5:34  Extractor  
  90  5:42  Drone x2  
  92  5:43  Evolution Chamber, Centrifical Hooks  
  92  5:45  Evolution Chamber  
  92  5:49  Zerg Flyer Weapons Level 1  
  90  5:50  Drone  
  90  5:55  Drone x2  
  93  6:00  Zergling x18  
  102  6:04  Overlord  
  102  6:08  Mutalisk x2  
  106  6:14  Overlord  
  106  6:15  Zergling x4  
  106  6:18  Zerg Ground Armor Level 1, Zerg Melee Weapons Level 1  
  108  6:23  Zergling x6  
  111  6:25  Drone  
  111  6:27  Mutalisk  
  114  6:35  Mutalisk x2  
  114  6:37  Hatchery  
  117  6:43  Drone x2  
  117  6:45  Baneling x4  
  117  6:46  Baneling x2  
  119  6:51  Zergling x12  
  119  6:54  Overlord  
  125  6:59  Mutalisk x2  
  127  7:05  Overlord  
  127  7:07  Drone  
  127  7:08  Drone x2  
  130  7:10  Overlord  
  130  7:12  Overlord  
  130  7:14  Drone x4  
  134  7:21  Mutalisk x2  
  137  7:25  Baneling x3  
  137  7:26  Baneling x2  
  137  7:27  Baneling  
  137  7:28  Baneling  
  137  7:29  Baneling x2  
  137  7:31  Zergling x16  
  137  7:33  Overlord  
  145  7:40  Zergling x4  
  147  7:46  Zergling x6  
  130  7:59  Mutalisk x2  
  130  8:00  Mutalisk  
  130  8:02  Zergling x20  
  130  8:03  Baneling x2  
  130  8:04  Baneling x7  
  144  8:07  Extractor  
  144  8:08  Mutalisk x2  
  147  8:13  Zergling x4  
  147  8:17  Baneling x2  
  147  8:18  Zergling x4  
  151  8:21  Overlord  
  138  8:33  Zergling x14  
  134  8:34  Zerg Ground Armor Level 2  
  134  8:35  Zerg Melee Weapons Level 2  
  134  8:37  Drone x2  
  134  8:38  Overlord  
  134  8:39  Zergling x12  
  135  8:50  Mutalisk x2  
  135  8:54  Baneling x5  
  135  8:55  Zergling x14, Baneling  
  146  9:05  Zergling x2, Hatchery  
  146  9:06  Zergling x20  
  156  9:12  Drone x3  
  159  9:18  Overseer x2, Pneumatized Carapace  
  159  9:21  Overseer, Baneling x5  
  159  9:24  Zergling x12  
  165  9:27  Baneling x8  
  165  9:28  Zergling x2  
  165  9:29  Zergling x2  
  167  9:36  Zerg Flyer Weapons Level 2  
  167  9:37  Zergling x12  
  173  9:42  Infestation Pit  
  172  9:46  Zergling x2  
  172  9:47  Zergling x14  
  180  10:00  Zergling x16  
  187  10:12  Baneling x9  
  187  10:13  Drone x4  
  187  10:14  Overlord, Drone  
  192  10:17  Drone  
  192  10:20  Baneling x8  
  194  10:21  Zergling x10  
  194  10:24  Overlord  
  198  10:35  Hive  
  198  10:37  Zergling x4  
  200  10:56  Baneling x3  
  200  10:57  Hatchery  
  200  10:59  Mutalisk x2  
  200  11:00  Unknown  
  200  11:04  Baneling x9  
  181  11:11  Zergling x2  
  181  11:12  Zergling x36  
  180  11:28  Zergling x34  
  180  11:32  Mutalisk x3  
  157  11:33  Mutalisk x3  
  167  11:40  Zergling x12  
  167  11:43  Baneling x26  
  167  11:47  Zergling x14  
  177  11:58  Zerg Ground Armor Level 3  
  177  12:05  Zergling x2  
  177  12:06  Zergling x20  
  188  12:11  Zergling x20  
  176  12:30  Zergling x24  
  158  12:39  Zergling x18  
  158  12:40  Zergling x12  
  171  12:44  Adrenal Glands  
  171  12:47  Baneling x12  
  171  12:49  Drone x2  
  174  12:51  Drone x3  
  174  12:55  Overseer  
  174  12:56  Overseer  
  176  12:59  Ultralisk Cavern  
  176  13:00  Zergling x10  
  180  13:05  Baneling  
  180  13:06  Baneling x4  
  180  13:10  Zergling x16  
  188  13:16  Overseer  
  188  13:18  Baneling  
  188  13:20  Baneling  
  188  13:21  Baneling x4  
  188  13:22  Zergling x16  
  196  13:31  Mutalisk  
  196  13:32  Mutalisk x6  
  181  13:35  Mutalisk x2  
  181  13:40  Zergling x14  
  192  13:42  Baneling x5  
  192  13:44  Zergling x6  
  195  13:51  Chitinous Plating  
  195  13:53  Overlord  
  195  14:01  Baneling x7  
  195  14:02  Zergling x4  
  191  14:08  Zergling x34  
  191  14:09  Zergling x2  
  158  14:21  Zergling x22  
  158  14:24  Baneling x12  
  162  14:30  Ultralisk, Zergling x2  
  162  14:31  Zergling x6  
  172  14:36  Ultralisk  
  172  14:37  Overlord  
  178  14:43  Zergling x12  
  178  14:45  Baneling x2  
  184  14:51  Overlord x2  
  184  14:54  Overlord  
  183  15:05  Ultralisk, Zergling x12  
  195  15:07  Overlord  
  192  15:18  Ultralisk, Zergling x4  
  170  15:36  Ultralisk, Zergling x38  
  194  15:45  Baneling x6  
  194  15:49  Zergling x18  
  192  15:59  Overseer x3  
Show
View Real Time Build Order
Export as new Build Order

INnoVation Terran 

Build Orders: Reaper Expand 

Get SALT Encoding   

  12  0:00  SCV  
  13  0:12  SCV  
  14  0:16  Supply Depot  
  14  0:25  SCV  
  15  0:38  SCV  
  15  0:40  Barracks  
  16  0:43  Refinery  
  16  0:50  SCV  
  17  1:02  SCV  
  18  1:14  SCV  
  19  1:27  Orbital Command, Reaper  
  20  1:38  Command Center  
  20  1:48  Supply Depot  
  20  1:52  SCV  
  21  1:59  Marine  
  22  2:04  SCV  
  23  2:12  Factory  
  23  2:16  Marine  
  23  2:17  SCV  
  25  2:29  SCV  
  26  2:37  Barracks Reactor  
  26  2:42  SCV  
  27  2:49  Orbital Command  
  27  2:50  Command Center  
  27  2:54  SCV  
  28  3:00  Starport  
  28  3:07  Refinery  
  28  3:08  SCV  
  29  3:17  Hellion x2  
  29  3:19  SCV  
  34  3:22  SCV  
  34  3:24  Barracks Tech Lab  
  35  3:32  SCV  
  37  3:34  SCV  
  37  3:38  Viking, Hellion  
  40  3:42  Hellion  
  40  3:44  SCV  
  43  3:51  Stimpack  
  44  3:55  SCV  
  44  3:56  SCV  
  44  4:02  Orbital Command, Hellion  
  47  4:03  Hellion  
  47  4:08  Supply Depot  
  47  4:09  SCV x2  
  51  4:11  Starport Reactor  
  51  4:21  SCV x2  
  53  4:32  SCV, Factory Tech Lab  
  53  4:33  SCV x2, Barracks  
  53  4:36  Supply Depot  
  53  4:37  Barracks  
  56  4:42  Marine  
  56  4:44  SCV  
  56  4:45  SCV x2  
  60  4:52  Engineering Bay  
  60  4:54  Engineering Bay, Refinery  
  60  4:55  Refinery  
  60  4:57  Starport Reactor  
  60  4:58  SCV x2  
  62  5:01  Siege Tank  
  62  5:02  Supply Depot, Marine  
  66  5:10  SCV x2  
  66  5:13  Orbital Command  
  68  5:18  Terran Infantry Weapons Level 1  
  68  5:19  Marine, Terran Infantry Armor Level 1  
  69  5:22  Marine x2  
  69  5:27  SCV x2  
  73  5:29  Supply Depot  
  73  5:31  Combat Shield  
  73  5:32  Missile Turret  
  73  5:37  Marine x2  
  73  5:38  SCV  
  73  5:39  SCV x2  
  73  5:41  Barracks  
  78  5:43  Barracks  
  78  5:45  Medivac  
  78  5:48  Supply Depot, Medivac  
  82  5:51  Marine x2  
  82  5:52  Missile Turret  
  82  5:54  SCV  
  82  5:55  SCV  
  82  5:56  SCV  
  87  6:01  Siege Tank  
  87  6:03  Supply Depot  
  90  6:07  Marine  
  90  6:08  Marine x2  
  90  6:09  Marine  
  90  6:11  SCV x2  
  94  6:12  SCV  
  94  6:14  Supply Depot  
  94  6:18  Supply Depot  
  95  6:21  Medivac x2  
  95  6:25  SCV x3  
  102  6:27  Marine x4  
  102  6:28  Barracks Reactor  
  102  6:30  Barracks Reactor  
  105  6:36  Supply Depot, Siege Tank  
  105  6:37  SCV  
  109  6:40  SCV x2  
  109  6:41  Supply Depot  
  109  6:46  Marine x3  
  114  6:47  Marine  
  114  6:48  Marine  
  114  6:50  Armory  
  114  6:52  Supply Depot  
  114  6:54  Supply Depot  
  116  6:57  SCV x3  
  119  7:04  Marine x3  
  119  7:05  Marine  
  119  7:06  Marine  
  119  7:08  Siege Tank, Marine x4  
  124  7:12  Supply Depot  
  124  7:13  Medivac  
  133  7:15  Medivac  
  133  7:22  Marine x3  
  138  7:23  Marine x2  
  138  7:26  Marine x4  
  144  7:30  Supply Depot, Refinery  
  144  7:31  SCV x2, Refinery  
  146  7:39  Marine x2  
  146  7:40  Marine  
  146  7:41  Marine x2  
  146  7:44  Marine x4  
  151  7:45  Terran Infantry Weapons Level 2  
  155  7:57  Marine x3  
  130  7:58  Marine  
  130  7:59  Marine  
  130  8:00  Terran Infantry Armor Level 2  
  130  8:01  Siege Tank, Marine  
  130  8:02  Marine x3  
  139  8:05  SCV x2  
  139  8:07  SCV  
  142  8:15  Marine x3  
  142  8:16  Marine  
  142  8:17  Marine  
  142  8:19  Sensor Tower, Factory, Marine x2  
  148  8:20  Marine x2  
  139  8:33  Marine x3  
  113  8:34  Thor, Marine  
  113  8:35  Marine  
  113  8:37  Marine x4  
  120  8:41  Medivac  
  120  8:42  Medivac  
  120  8:51  Marine x3  
  120  8:54  Command Center  
  120  8:55  Drilling Claws  
  123  8:56  Missile Turret  
  123  8:59  Terran Vehicle And Ship Armor Level 1  
  123  9:02  SCV x2  
  125  9:03  SCV  
  125  9:04  Factory Reactor, Marine x5  
  125  9:05  Marine  
  125  9:08  Marine  
  133  9:11  Medivac  
  133  9:12  Medivac  
  133  9:16  Concussive Shells  
  137  9:22  Barracks x2  
  137  9:24  Barracks  
  137  9:25  Thor  
  137  9:29  Marine x3  
  137  9:30  Marauder  
  137  9:31  Marine x2  
  148  9:32  Marine  
  151  9:40  Supply Depot x2  
  151  9:41  Widow Mine, Medivac x2  
  151  9:43  Widow Mine  
  159  9:49  Supply Depot  
  159  9:58  Marauder, Marine x8  
  169  10:02  SCV x3, Widow Mine  
  169  10:05  Widow Mine  
  175  10:10  Terran Infantry Weapons Level 3  
  174  10:17  Terran Infantry Armor Level 3  
  174  10:18  Barracks Tech Lab x3  
  174  10:22  Marauder, Marine x3  
  179  10:29  Widow Mine x2  
  179  10:32  Sensor Tower  
  183  10:38  Thor  
  183  10:40  Marauder, Marine  
  190  10:44  Missile Turret, Marine x2  
  192  10:51  Planetary Fortress  
  192  10:52  Marine x2  
  192  10:53  Marine  
  192  10:54  Marine x3  
  192  10:57  Widow Mine  
  200  11:11  Medivac x2  
  186  11:12  Marauder x3  
  186  11:13  Marauder  
  189  11:24  Marine x3  
  140  11:33  Marauder x3  
  140  11:35  Thor, Widow Mine  
  140  11:36  Widow Mine, SCV x3  
  140  11:38  Marine  
  140  11:39  Marine  
  157  11:41  Marine  
  157  11:45  Medivac x2  
  161  11:57  Marauder  
  161  11:58  Marauder x2  
  161  11:59  Widow Mine x2, Marine x2  
  161  12:00  Marine  
  174  12:05  Missile Turret  
  174  12:14  Marauder  
  176  12:18  Widow Mine  
  176  12:20  Widow Mine  
  176  12:21  Widow Mine  
  146  12:30  Marauder x3  
  146  12:34  Marine  
  146  12:35  Medivac x2  
  112  12:37  Marine x8  
  112  12:39  Orbital Command  
  112  12:43  Widow Mine  
  112  12:44  Widow Mine  
  124  12:51  Marine  
  124  12:53  Thor  
  131  13:01  Marine x6  
  137  13:08  Widow Mine  
  137  13:09  Widow Mine, Refinery  
  141  13:13  Medivac  
  141  13:14  Medivac  
  141  13:18  Marauder x3  
  141  13:19  Orbital Command  
  151  13:22  Marine  
  152  13:27  Marine x4  
  152  13:28  Marauder  
  158  13:36  Marine x3  
  158  13:39  Marauder x3  
  158  13:40  Widow Mine, Marine  
  170  13:48  Marine x4  
  171  13:49  Marauder  
  171  13:50  Refinery  
  171  13:51  Refinery  
  171  13:53  Marine  
  171  13:54  Marine x2  
  179  14:00  Marauder x2  
  179  14:02  Widow Mine x2  
  183  14:03  Marauder  
  183  14:07  Marine x5  
  161  14:10  Marine  
  161  14:11  Marine x2  
  161  14:12  Marine  
  141  14:19  Widow Mine  
  141  14:21  Marine x2  
  141  14:23  SCV x3, Widow Mine x2  
  143  14:24  Marauder  
  143  14:25  Marine x5  
  143  14:27  Refinery  
  143  14:28  Marine  
  143  14:29  Refinery, Marine  
  143  14:31  Medivac  
  154  14:36  Marine x2  
  156  14:40  Marauder x2  
  156  14:43  Marine x4  
  164  14:46  Marauder x2  
  164  14:50  Marine x2  
  169  14:54  Marine x2  
  169  14:57  Widow Mine x3  
  177  15:00  Medivac  
  177  15:01  Marauder x2  
  177  15:04  Medivac  
  177  15:05  Marine x4  
  189  15:07  Marine  
  189  15:12  Marauder  
  183  15:17  Marine  
  183  15:18  Marine x3  
  187  15:22  Marauder  
  185  15:29  Widow Mine x3  
  185  15:30  Medivac  
  185  15:34  Medivac  
  167  15:35  Marauder x3  
  167  15:36  Marine x3  
  153  15:44  Marauder  
Tags
 
Add a new tag
Caveats
  • Supply blocks, unpowered buildings, or Contaminate may cause inaccurate times.
  • Supply counts are checked every 10 seconds.